Stars vs Wild

Created - November 29, 2015 at 09:56

Goals
1 2 3 T
Stars 4 1 0 5
Wild 1 0 1 2
Shots
1 2 3 T
Stars 15 7 6 28
Wild 8 1 13 22

1st period

1. Stars , Evgeni Malkin 12 (Tyler Seguin, Zdeno Chara) at 2:18
2. Stars , Tyler Seguin 12 (Brad Malone, Evgeni Malkin) at 5:45
3. Wild , Jason Pominville 8 (Alex Biega) at 6:47
4. Stars , Evgeni Malkin 13 (Tyler Seguin, Zdeno Chara) at 8:33
5. Stars , Jonathan Huberdeau 8 (Tyler Seguin) at 14:18 (PP)

Penalties :
Mark Stuart (DAL) for Hooking (Minor) at 8:38, Scott Hartnell (MIN) for Tripping (Minor) at 13:05, Dennis Wideman (MIN) for Interference (Minor) at 17:23

2nd period

6. Stars , David Backes 13 (Clayton Stoner) at 7:26

Penalties :
David Backes (DAL) for Roughing (Minor) at 0:48, Clayton Stoner (DAL) for Holding (Minor) at 8:38, Barret Jackman (MIN) for Hooking (Minor) at 10:54, Michael Stone (MIN) for High sticking (Double Minor) at 15:09

3rd period

7. Wild , Jason Spezza 6 (Scott Hartnell, Jason Pominville) at 6:52

Penalties :
Clayton Stoner (DAL) for Hooking (Minor) at 2:49

Goalie Stats

Jonathan Quick (DAL), 20 saves from 22 shots - (0.909), W, 14-11-2, 60:00 minutes
Darcy Kuemper (MIN), 18 saves from 20 shots - (0.900), 51:27 minutes
Ryan Miller (MIN), 5 saves from 8 shots - (0.625), L, 4-12-6, 8:33 minutes

Players Stats for Stars

Player Name              G  A  P  +/- PIM S  H  SB GA TA FO     MP     PP MP  PK MP  
------------------------------------------------------------------------------------
Brad Malone              0  1  1   1  0   0  1  0  0  0  3/3     2:33   0:00   1:09 
Brandon Manning          0  0  0   0  0   0  0  0  0  0  0/0     0:00   0:00   0:00 
Clayton Stoner           0  1  1   3  4   0  4  0  0  0  0/0    15:19   0:26   0:00 
David Backes             1  0  1   0  2   5  0  0  0  0  11/18  21:47   4:08   3:15 
Evgeni Malkin            2  1  3   2  0   5  0  0  0  0  0/0    20:05   5:02   0:00 
John Mitchell            0  0  0   0  0   0  0  0  0  0  0/0    13:26   0:00   0:00 
Jonathan Huberdeau       1  0  1   1  0   3  1  0  0  0  0/0    18:41   5:02   0:00 
Kris Letang              0  0  0   0  0   1  2  0  0  0  0/0    26:31   5:11   4:04 
Mark Stuart              0  0  0  -1  2   0  4  1  0  0  0/0    14:15   3:33   0:00 
Nikita Kucherov          0  0  0   0  0   0  0  0  0  0  1/1    22:05   4:08   3:32 
Patrik Elias             0  0  0   0  0   0  1  0  0  0  9/24   17:08   0:00   3:42 
Paul Byron               0  0  0   0  0   2  0  0  0  0  0/1    13:26   0:00   0:00 
Rob Scuderi              0  0  0   0  0   0  0  0  0  0  0/0     0:00   0:00   0:00 
Ryan Callahan            0  0  0   0  0   3  1  1  0  0  2/3    22:47   4:08   4:14 
Shea Weber               0  0  0   0  0   1  1  0  0  0  0/0    26:31   5:11   4:04 
Tyler Seguin             1  3  4   2  0   6  0  0  0  0  10/24  20:05   5:02   0:00 
Vyacheslav Voynov        0  0  0  -1  0   0  1  1  0  0  0/0    14:35   0:00   3:52 
Zdeno Chara              0  2  2   3  0   2  3  4  0  0  0/0    22:46   3:59   3:52 

Players Stats for Wild

Player Name              G  A  P  +/- PIM S  H  SB GA TA FO     MP     PP MP  PK MP  
------------------------------------------------------------------------------------
Alex Biega               0  1  1   1  0   0  0  0  0  0  0/0     8:57   0:00   5:07 
Barret Jackman           0  0  0  -1  2   0  1  1  0  0  0/0    11:18   0:00   2:37 
Dennis Wideman           0  0  0  -2  2   1  3  1  0  0  0/0    21:36   4:07   0:00 
Dustin Brown             0  0  0  -1  0   2  1  0  0  0  4/4    18:22   4:12   0:00 
Erik Cole                0  0  0  -1  0   3  3  0  0  0  0/1    19:38   4:12   0:00 
Fedor Tyutin             0  0  0   0  0   1  3  2  0  0  0/0    16:45   0:00   3:53 
Jason Pominville         1  1  2   2  0   5  0  0  0  0  0/0    18:26   3:44   0:00 
Jason Spezza             1  0  1   2  0   2  0  0  0  0  15/26  19:18   3:44   0:00 
Mark Streit              0  0  0  -2  0   1  0  0  0  0  0/0    21:59   4:07   0:22 
Michael Ryder            0  0  0  -3  0   2  3  0  0  0  2/2    15:40   0:00   2:54 
Michael Stone            0  0  0   1  4   0  1  0  0  0  0/0     8:42   3:49   1:04 
R.J. Umberger            0  0  0  -3  0   2  1  1  0  0  10/22  18:40   0:00   5:54 
Rene Bourque             0  0  0  -3  0   1  1  1  0  0  1/1    18:40   0:00   5:54 
Scott Hannan             0  0  0  -1  0   0  1  1  0  0  0/0    13:49   0:00   5:07 
Scott Hartnell           0  1  1   2  2   2  1  0  0  0  0/0    18:47   3:44   0:22 
Sean Collins             0  0  0  -1  0   0  2  0  0  0  5/17   19:08   4:12   0:22 
Trevor Smith             0  0  0   0  0   0  0  0  0  0  1/1     4:10   0:00   2:54 
Zach Redmond             0  0  0   0  0   0  1  0  0  0  0/0    16:51   3:49   0:10 

3 Stars

1 - Evgeni Malkin (DAL)
2 - Tyler Seguin (DAL)
3 - Zdeno Chara (DAL)

Power Play

Stars - 1 on 5 Attempt(s) - 20.00%
Wild - 0 on 4 Attempt(s) - 0.00%

Penalty Kill

Stars - 4 on 4 Attempt(s) - 100.00% - Score 0 goal in Penalty Kill
Wild - 4 on 5 Attempt(s) - 80.00% - Score 0 goal in Penalty Kill

Team Stat

Stars - Hits : 19 - Faceoff Wins : 36 - Blocked Shots : 7 - Penalty Minutes : 8
Wild - Hits : 22 - Faceoff Wins : 38 - Blocked Shots : 7 - Penalty Minutes : 10

Official

Referees : Graham Skiliter and Brad Meier
Linesman : Ryan Galloway and Mark Shewchyk

Game Notes

Darcy Kuemper enters game at 8:33 of 1st period

Finance

Level 1 -- Attendance: 6013 (92.51%) -- Ticket Income $601,300
Level 2 -- Attendance: 5000 (100.00%) -- Ticket Income $300,000
Level 3 -- Attendance: 3500 (100.00%) -- Ticket Income $122,500
Level 4 -- Attendance: 1954 (100.00%) -- Ticket Income $39,080
Luxury Box -- Attendance: 1000 (100.00%) -- Ticket Income $200,000
Game was played at the Xcel Energy Center.
Total Attendance: 17467 (97.29%)
Total Ticket Income: $1,262,880
Other Income: $189,432
Total Income: $1,452,312

% Time on Ice - Stars

Lines # - Real PCT - Wanted PCT - Time Play
Normal Forward
1 - 32% - 33% - 13:39
2 - 34% - 33% - 14:25
3 - 31% - 27% - 13:26
4 - 3% - 7% - 1:24
Normal Defense
1 - 39% - 40% - 16:32
2 - 35% - 35% - 14:55
3 - 25% - 15% - 10:43
4 - 2% - 10% - 0:44
PP Forward
1 - 55% - 50% - 5:02
2 - 45% - 50% - 4:08
PP Defense
1 - 57% - 50% - 5:11
2 - 43% - 50% - 3:59
PK Forward
1 - 53% - 50% - 4:14
2 - 47% - 50% - 3:42
PK Defense
1 - 51% - 50% - 4:04
2 - 49% - 50% - 3:52
PK3 Forward
1 - 0% - 50%
2 - 0% - 50%
PK3 Defense
1 - 0% - 50%
2 - 0% - 50%
44 Forward
1 - 0% - 50%
2 - 0% - 50%
44 Defense
1 - 0% - 50%
2 - 0% - 50%
Last Minute Offensive  - 0:00
Last Minute Defensive  - 0:00
Total
Forward - 60:00
Defense - 60:00

% Time on Ice - Wild

Lines # - Real PCT - Wanted PCT - Time Play
Normal Forward
1 - 34% - 35% - 14:42
2 - 33% - 35% - 14:10
3 - 30% - 20% - 12:46
4 - 3% - 10% - 1:16
Normal Defense
1 - 41% - 40% - 17:30
2 - 30% - 30% - 12:52
3 - 20% - 20% - 8:42
4 - 9% - 10% - 3:50
PP Forward
1 - 47% - 60% - 3:44
2 - 53% - 40% - 4:12
PP Defense
1 - 52% - 60% - 4:07
2 - 48% - 40% - 3:49
PK Forward
1 - 68% - 60% - 6:16
2 - 32% - 40% - 2:54
PK Defense
1 - 58% - 60% - 5:17
2 - 42% - 40% - 3:53
PK3 Forward
1 - 0% - 60%
2 - 0% - 40%
PK3 Defense
1 - 0% - 60%
2 - 0% - 40%
44 Forward
1 - 0% - 60%
2 - 0% - 40%
44 Defense
1 - 0% - 60%
2 - 0% - 40%
Last Minute Offensive  - 0:00
Last Minute Defensive  - 0:00
Total
Forward - 60:00
Defense - 60:00

Play by Play

1st period


0:01 of 1st period - Jason Spezza wins face-off versus Tyler Seguin in neutral zone.
0:06 of 1st period - Shot by Jason Pominville.
0:06 of 1st period - Shot Misses the Net.
0:08 of 1st period - Shot by Scott Hartnell.
0:08 of 1st period - Stopped by Jonathan Quick without a rebound.
0:09 of 1st period - Dustin Brown wins face-off versus David Backes in Stars zone.
0:16 of 1st period - Shot by Dustin Brown.
0:16 of 1st period - Stopped by Jonathan Quick without a rebound.
0:17 of 1st period - Patrik Elias wins face-off versus R.J. Umberger in Stars zone.
0:17 of 1st period - Patrik Elias is hit by Rene Bourque.
0:27 of 1st period - Shot by Rene Bourque.
0:27 of 1st period - Deflect By R.J. Umberger.
0:27 of 1st period - Shot Misses the Net.
0:29 of 1st period - Shot by R.J. Umberger.
0:29 of 1st period - Shot Misses the Net.
0:52 of 1st period - Shot by Rene Bourque.
0:52 of 1st period - Shot Blocked by Vyacheslav Voynov.
0:54 of 1st period - Shot by Michael Ryder.
0:54 of 1st period - Shot Misses the Net.
1:43 of 1st period - Shot by Nikita Kucherov.
1:43 of 1st period - Shot Misses the Net.
1:45 of 1st period - Shot by Kris Letang.
1:45 of 1st period - Shot Misses the Net.
2:18 of 1st period - Shot by Evgeni Malkin.
2:18 of 1st period - Goal by Evgeni Malkin - Stars : 1 - Wild : 0.
2:19 of 1st period - Brad Malone wins face-off versus Jason Spezza in neutral zone.
2:21 of 1st period - Off-side.
2:22 of 1st period - Tyler Seguin wins face-off versus Jason Spezza in neutral zone.
2:36 of 1st period - Shot by Fedor Tyutin.
2:36 of 1st period - Stopped by Jonathan Quick with a rebound.
3:46 of 1st period - Icing by Kris Letang.
3:47 of 1st period - Nikita Kucherov wins face-off versus Jason Spezza in Stars zone.
4:16 of 1st period - Shot by Erik Cole.
4:16 of 1st period - Deflect By Jason Spezza.
4:16 of 1st period - Shot Misses the Net.
5:14 of 1st period - Icing by Michael Ryder.
5:15 of 1st period - Rene Bourque wins face-off versus Tyler Seguin in Wild zone.
5:15 of 1st period - Rene Bourque is hit by Brad Malone.
5:25 of 1st period - Shot by Evgeni Malkin.
5:25 of 1st period - Stopped by Ryan Miller with a rebound.
5:35 of 1st period - Shot by Tyler Seguin.
5:35 of 1st period - Stopped by Ryan Miller with a rebound.
5:37 of 1st period - Shot by Zdeno Chara.
5:37 of 1st period - Shot Blocked by Dennis Wideman.
5:39 of 1st period - Shot by Evgeni Malkin.
5:39 of 1st period - Shot Misses the Net.
5:45 of 1st period - Shot by Tyler Seguin.
5:45 of 1st period - Goal by Tyler Seguin - Stars : 2 - Wild : 0.
5:46 of 1st period - Sean Collins wins face-off versus Patrik Elias in neutral zone.
5:56 of 1st period - Kris Letang is hit by Erik Cole and loses puck.
6:47 of 1st period - Shot by Jason Pominville.
6:47 of 1st period - Goal by Jason Pominville - Stars : 2 - Wild : 1.
6:48 of 1st period - David Backes wins face-off versus Jason Spezza in neutral zone.
7:00 of 1st period - David Backes is hit by Michael Stone and loses puck.
7:09 of 1st period - Shot by David Backes.
7:09 of 1st period - Stopped by Ryan Miller without a rebound.
7:10 of 1st period - Jason Spezza wins face-off versus Tyler Seguin in Wild zone.
7:43 of 1st period - Shot by Tyler Seguin.
7:43 of 1st period - Stopped by Ryan Miller without a rebound.
7:44 of 1st period - David Backes wins face-off versus Sean Collins in Wild zone.
8:15 of 1st period - Shot by David Backes.
8:15 of 1st period - Shot Misses the Net.
8:17 of 1st period - Shot by David Backes.
8:17 of 1st period - Shot Misses the Net.
8:19 of 1st period - Shot by Ryan Callahan.
8:19 of 1st period - Stopped by Ryan Miller without a rebound.
8:20 of 1st period - Tyler Seguin wins face-off versus R.J. Umberger in Wild zone.
8:33 of 1st period - Shot by Evgeni Malkin.
8:33 of 1st period - Goal by Evgeni Malkin - Stars : 3 - Wild : 1.
8:33 of 1st period - Darcy Kuemper enters game.
8:34 of 1st period - Jason Spezza wins face-off versus Patrik Elias in neutral zone.
8:38 of 1st period - Minor Penalty to Mark Stuart for Hooking.
8:39 of 1st period - Jason Spezza wins face-off versus David Backes in Stars zone.
9:20 of 1st period - Shot by Dennis Wideman.
9:20 of 1st period - Stopped by Jonathan Quick without a rebound.
9:21 of 1st period - Ryan Callahan wins face-off versus Erik Cole in Stars zone.
10:29 of 1st period - Shot by Ryan Callahan.
10:29 of 1st period - Shot Misses the Net.
10:31 of 1st period - Shot by Zdeno Chara.
10:31 of 1st period - Stopped by Darcy Kuemper without a rebound.
10:32 of 1st period - Jason Spezza wins face-off versus Patrik Elias in Wild zone.
10:51 of 1st period - Shot by Jonathan Huberdeau.
10:51 of 1st period - Shot Blocked by R.J. Umberger.
11:14 of 1st period - Icing by Zdeno Chara.
11:15 of 1st period - Tyler Seguin wins face-off versus Jason Spezza in Stars zone.
11:41 of 1st period - Off-side.
11:42 of 1st period - Patrik Elias wins face-off versus Sean Collins in neutral zone.
11:49 of 1st period - Shot by Paul Byron.
11:49 of 1st period - Stopped by Darcy Kuemper without a rebound.
11:50 of 1st period - Sean Collins wins face-off versus David Backes in Wild zone.
12:06 of 1st period - Shot by Sean Collins.
12:06 of 1st period - Deflect By Erik Cole.
12:06 of 1st period - Shot Blocked by Ryan Callahan.
12:12 of 1st period - Shot by Erik Cole.
12:12 of 1st period - Shot Misses the Net.
12:26 of 1st period - Shot by Dustin Brown.
12:26 of 1st period - Stopped by Jonathan Quick without a rebound.
12:27 of 1st period - Jason Spezza wins face-off versus Patrik Elias in Stars zone.
13:05 of 1st period - Minor Penalty to Scott Hartnell for Tripping.
13:06 of 1st period - Tyler Seguin wins face-off versus R.J. Umberger in Wild zone.
13:35 of 1st period - Shot by Jonathan Huberdeau.
13:35 of 1st period - Stopped by Darcy Kuemper without a rebound.
13:36 of 1st period - David Backes wins face-off versus R.J. Umberger in Wild zone.
13:41 of 1st period - Shot by Ryan Callahan.
13:41 of 1st period - Shot Misses the Net.
13:43 of 1st period - Shot by Zdeno Chara.
13:43 of 1st period - Shot Misses the Net.
13:45 of 1st period - Shot by Mark Stuart.
13:45 of 1st period - Shot Misses the Net.
13:51 of 1st period - Shot by Ryan Callahan.
13:51 of 1st period - Shot Blocked by Rene Bourque.
13:53 of 1st period - Shot by David Backes.
13:53 of 1st period - Stopped by Darcy Kuemper without a rebound.
13:54 of 1st period - Tyler Seguin wins face-off versus R.J. Umberger in Wild zone.
14:18 of 1st period - Shot by Jonathan Huberdeau.
14:18 of 1st period - Goal by Jonathan Huberdeau - Stars : 4 - Wild : 1.
14:19 of 1st period - Jason Spezza wins face-off versus David Backes in neutral zone.
14:57 of 1st period - Ryan Callahan is hit by Zach Redmond and loses puck.
15:12 of 1st period - Icing by Scott Hartnell.
15:13 of 1st period - Jason Spezza wins face-off versus Tyler Seguin in Wild zone.
15:54 of 1st period - Shot by Erik Cole.
15:54 of 1st period - Stopped by Jonathan Quick without a rebound.
15:55 of 1st period - R.J. Umberger wins face-off versus Patrik Elias in Stars zone.
15:56 of 1st period - Shot by Michael Ryder.
15:56 of 1st period - Stopped by Jonathan Quick with a rebound.
16:17 of 1st period - Icing by Mark Stuart.
16:18 of 1st period - Sean Collins wins face-off versus Patrik Elias in Stars zone.
16:23 of 1st period - Shot by Erik Cole.
16:23 of 1st period - Shot Misses the Net.
16:32 of 1st period - John Mitchell is hit by Erik Cole and loses puck.
16:59 of 1st period - Shea Weber is hit by Dustin Brown and loses puck.
17:23 of 1st period - Minor Penalty to Dennis Wideman for Interference.
17:24 of 1st period - David Backes wins face-off versus R.J. Umberger in Wild zone.
18:24 of 1st period - Shot by Tyler Seguin.
18:24 of 1st period - Shot Misses the Net.
18:38 of 1st period - Shot by Shea Weber.
18:38 of 1st period - Shot Blocked by Scott Hannan.
18:40 of 1st period - Shot by Evgeni Malkin.
18:40 of 1st period - Shot Misses the Net.
18:42 of 1st period - Shot by Shea Weber.
18:42 of 1st period - Stopped by Darcy Kuemper with a rebound.
18:44 of 1st period - Shot by Shea Weber.
18:44 of 1st period - Shot Misses the Net.
18:46 of 1st period - Shot by Shea Weber.
18:46 of 1st period - Shot Misses the Net.
19:37 of 1st period - Shot by Paul Byron.
19:37 of 1st period - Stopped by Darcy Kuemper without a rebound.
19:38 of 1st period - Patrik Elias wins face-off versus Sean Collins in Wild zone.
19:38 of 1st period - Kris Letang is hit by Fedor Tyutin and loses puck.
Goals for this period are 4 for Stars vs 1 for Wild.
Shots for this period are 15 for Stars vs 8 for Wild.

2nd period


0:01 of 2nd period - David Backes wins face-off versus Jason Spezza in neutral zone.
0:48 of 2nd period - Minor Penalty to David Backes for Roughing.
0:49 of 2nd period - Dustin Brown wins face-off versus Patrik Elias in Stars zone.
0:49 of 2nd period - Dustin Brown is hit by Zdeno Chara.
1:38 of 2nd period - Off-side.
1:39 of 2nd period - Brad Malone wins face-off versus Jason Spezza in neutral zone.
2:08 of 2nd period - Icing by Zach Redmond.
2:09 of 2nd period - Jason Spezza wins face-off versus Patrik Elias in Wild zone.
2:09 of 2nd period - Jason Spezza is hit by Patrik Elias.
2:25 of 2nd period - Nikita Kucherov is hit by Scott Hartnell and loses puck.
2:51 of 2nd period - Icing by Barret Jackman.
2:52 of 2nd period - Tyler Seguin wins face-off versus R.J. Umberger in Wild zone.
2:59 of 2nd period - Shot by Tyler Seguin.
2:59 of 2nd period - Stopped by Darcy Kuemper without a rebound.
3:00 of 2nd period - Michael Ryder wins face-off versus Tyler Seguin in Wild zone.
3:42 of 2nd period - Icing by Tyler Seguin.
3:43 of 2nd period - Tyler Seguin wins face-off versus Jason Spezza in Stars zone.
4:49 of 2nd period - Icing by Nikita Kucherov.
4:50 of 2nd period - Sean Collins wins face-off versus David Backes in Stars zone.
5:03 of 2nd period - Icing by Dustin Brown.
5:04 of 2nd period - Patrik Elias wins face-off versus Sean Collins in Wild zone.
5:16 of 2nd period - Paul Byron is hit by Dennis Wideman and loses puck.
6:55 of 2nd period - Rene Bourque is hit by Jonathan Huberdeau and loses puck.
7:22 of 2nd period - Shot by David Backes.
7:22 of 2nd period - Stopped by Darcy Kuemper with a rebound.
7:24 of 2nd period - Shot by Clayton Stoner.
7:24 of 2nd period - Shot Misses the Net.
7:26 of 2nd period - Shot by David Backes.
7:26 of 2nd period - Goal by David Backes - Stars : 5 - Wild : 1.
7:27 of 2nd period - Jason Spezza wins face-off versus Patrik Elias in neutral zone.
8:29 of 2nd period - Shot by Dustin Brown.
8:29 of 2nd period - Shot Misses the Net.
8:38 of 2nd period - Minor Penalty to Clayton Stoner for Holding.
8:39 of 2nd period - David Backes wins face-off versus Sean Collins in Stars zone.
8:39 of 2nd period - David Backes is hit by Sean Collins.
8:46 of 2nd period - Icing by Erik Cole.
8:47 of 2nd period - Patrik Elias wins face-off versus Sean Collins in Wild zone.
10:24 of 2nd period - Icing by Dennis Wideman.
10:25 of 2nd period - Patrik Elias wins face-off versus Jason Spezza in Wild zone.
10:51 of 2nd period - Shot by Evgeni Malkin.
10:51 of 2nd period - Stopped by Darcy Kuemper without a rebound.
10:52 of 2nd period - Brad Malone wins face-off versus R.J. Umberger in Wild zone.
10:54 of 2nd period - Minor Penalty to Barret Jackman for Hooking.
10:55 of 2nd period - R.J. Umberger wins face-off versus Tyler Seguin in Wild zone.
12:05 of 2nd period - David Backes is hit by Michael Ryder and loses puck.
12:22 of 2nd period - Shot by Zdeno Chara.
12:22 of 2nd period - Shot Misses the Net.
12:24 of 2nd period - Shot by David Backes.
12:24 of 2nd period - Deflect By Ryan Callahan.
12:24 of 2nd period - Shot Misses the Net.
12:26 of 2nd period - Shot by Ryan Callahan.
12:26 of 2nd period - Stopped by Darcy Kuemper without a rebound.
12:27 of 2nd period - R.J. Umberger wins face-off versus Tyler Seguin in Wild zone.
13:06 of 2nd period - Icing by Dennis Wideman.
13:07 of 2nd period - David Backes wins face-off versus Sean Collins in Wild zone.
14:32 of 2nd period - Paul Byron is hit by Erik Cole and loses puck.
14:57 of 2nd period - Shot by Jason Pominville.
14:57 of 2nd period - Stopped by Jonathan Quick without a rebound.
14:58 of 2nd period - Michael Ryder wins face-off versus Tyler Seguin in Stars zone.
15:08 of 2nd period - Icing by Michael Ryder.
15:09 of 2nd period - David Backes wins face-off versus R.J. Umberger in Wild zone.
15:09 of 2nd period - Double Minor Penalty to Michael Stone for High sticking.
15:10 of 2nd period - David Backes wins face-off versus R.J. Umberger in Wild zone.
15:10 of 2nd period - David Backes is hit by Scott Hannan.
15:20 of 2nd period - Shot by Kris Letang.
15:20 of 2nd period - Stopped by Darcy Kuemper with a rebound.
15:27 of 2nd period - R.J. Umberger is hit by Kris Letang and loses puck.
15:33 of 2nd period - Icing by Shea Weber.
15:34 of 2nd period - R.J. Umberger wins face-off versus Ryan Callahan in Stars zone.
15:49 of 2nd period - Shot by David Backes.
15:49 of 2nd period - Shot Blocked by Barret Jackman.
16:25 of 2nd period - Shot by Tyler Seguin.
16:25 of 2nd period - Shot Misses the Net.
16:52 of 2nd period - Icing by Zdeno Chara.
16:53 of 2nd period - Trevor Smith wins face-off versus Tyler Seguin in Stars zone.
18:40 of 2nd period - Shot by Zdeno Chara.
18:40 of 2nd period - Stopped by Darcy Kuemper without a rebound.
18:41 of 2nd period - Tyler Seguin wins face-off versus R.J. Umberger in Wild zone.
19:18 of 2nd period - Dennis Wideman is hit by Kris Letang and loses puck.
Goals for this period are 1 for Stars vs 0 for Wild.
Shots for this period are 7 for Stars vs 1 for Wild.

3rd period


0:01 of 3rd period - Tyler Seguin wins face-off versus Jason Spezza in neutral zone.
0:20 of 3rd period - Shot by Evgeni Malkin.
0:20 of 3rd period - Stopped by Darcy Kuemper with a rebound.
0:29 of 3rd period - Icing by Evgeni Malkin.
0:30 of 3rd period - Dustin Brown wins face-off versus Tyler Seguin in Stars zone.
0:57 of 3rd period - Shot by Erik Cole.
0:57 of 3rd period - Shot Misses the Net.
1:29 of 3rd period - Shot by Ryan Callahan.
1:29 of 3rd period - Stopped by Darcy Kuemper without a rebound.
1:30 of 3rd period - Patrik Elias wins face-off versus Jason Spezza in Wild zone.
1:30 of 3rd period - Patrik Elias is hit by Fedor Tyutin.
1:53 of 3rd period - Shot by Jason Pominville.
1:53 of 3rd period - Stopped by Jonathan Quick with a rebound.
1:55 of 3rd period - Shot by Jason Spezza.
1:55 of 3rd period - Stopped by Jonathan Quick without a rebound.
1:56 of 3rd period - R.J. Umberger wins face-off versus David Backes in Stars zone.
1:56 of 3rd period - R.J. Umberger is hit by Mark Stuart.
2:35 of 3rd period - Shot by Michael Ryder.
2:35 of 3rd period - Shot Misses the Net.
2:37 of 3rd period - Shot by R.J. Umberger.
2:37 of 3rd period - Stopped by Jonathan Quick without a rebound.
2:38 of 3rd period - Jason Spezza wins face-off versus Patrik Elias in Stars zone.
2:38 of 3rd period - Jason Pominville is hit by Clayton Stoner and loses puck.
2:48 of 3rd period - Jason Pominville is hit by Clayton Stoner.
2:49 of 3rd period - Minor Penalty to Clayton Stoner for Hooking.
2:50 of 3rd period - Sean Collins wins face-off versus Patrik Elias in Stars zone.
2:57 of 3rd period - Shot by Erik Cole.
2:57 of 3rd period - Stopped by Jonathan Quick without a rebound.
2:58 of 3rd period - Jason Spezza wins face-off versus David Backes in Stars zone.
3:41 of 3rd period - Shot by Jason Spezza.
3:41 of 3rd period - Shot Misses the Net.
3:43 of 3rd period - Shot by Dennis Wideman.
3:43 of 3rd period - Shot Blocked by Zdeno Chara.
4:26 of 3rd period - Shot by Erik Cole.
4:26 of 3rd period - Deflect By Sean Collins.
4:26 of 3rd period - Shot Misses the Net.
4:46 of 3rd period - Shot by Scott Hartnell.
4:46 of 3rd period - Shot Misses the Net.
4:48 of 3rd period - Shot by Mark Streit.
4:48 of 3rd period - Stopped by Jonathan Quick without a rebound.
4:49 of 3rd period - R.J. Umberger wins face-off versus Tyler Seguin in Stars zone.
4:50 of 3rd period - Shot by Rene Bourque.
4:50 of 3rd period - Stopped by Jonathan Quick without a rebound.
4:51 of 3rd period - R.J. Umberger wins face-off versus Tyler Seguin in Stars zone.
5:11 of 3rd period - Jonathan Huberdeau is hit by Barret Jackman and loses puck.
5:27 of 3rd period - Shot by Jonathan Huberdeau.
5:27 of 3rd period - Stopped by Darcy Kuemper without a rebound.
5:28 of 3rd period - Jason Spezza wins face-off versus Patrik Elias in Wild zone.
5:47 of 3rd period - Shot by Jason Pominville.
5:47 of 3rd period - Stopped by Jonathan Quick without a rebound.
5:48 of 3rd period - David Backes wins face-off versus Sean Collins in Stars zone.
6:01 of 3rd period - Mark Streit is hit by Mark Stuart and loses puck.
6:32 of 3rd period - Shot by Sean Collins.
6:32 of 3rd period - Deflect By Dustin Brown.
6:32 of 3rd period - Shot Blocked by Mark Stuart.
6:45 of 3rd period - Jason Pominville is hit by Mark Stuart and loses puck.
6:52 of 3rd period - Shot by Jason Spezza.
6:52 of 3rd period - Goal by Jason Spezza - Stars : 5 - Wild : 2.
6:53 of 3rd period - R.J. Umberger wins face-off versus Tyler Seguin in neutral zone.
6:55 of 3rd period - Off-side.
6:56 of 3rd period - Jason Spezza wins face-off versus Tyler Seguin in neutral zone.
6:58 of 3rd period - Zach Redmond is hit by Shea Weber and loses puck.
7:07 of 3rd period - Shot by Jonathan Huberdeau.
7:07 of 3rd period - Deflect By Evgeni Malkin.
7:07 of 3rd period - Shot Blocked by Fedor Tyutin.
7:25 of 3rd period - Shot by Tyler Seguin.
7:25 of 3rd period - Stopped by Darcy Kuemper with a rebound.
7:27 of 3rd period - Shot by Tyler Seguin.
7:27 of 3rd period - Shot Blocked by Fedor Tyutin.
7:29 of 3rd period - Shot by Shea Weber.
7:29 of 3rd period - Shot Misses the Net.
7:33 of 3rd period - Shot by Jonathan Huberdeau.
7:33 of 3rd period - Shot Misses the Net.
7:35 of 3rd period - Shot by Tyler Seguin.
7:35 of 3rd period - Stopped by Darcy Kuemper without a rebound.
7:36 of 3rd period - Dustin Brown wins face-off versus Patrik Elias in Wild zone.
7:45 of 3rd period - Shot by Sean Collins.
7:45 of 3rd period - Shot Misses the Net.
7:58 of 3rd period - Icing by Clayton Stoner.
7:59 of 3rd period - R.J. Umberger wins face-off versus Paul Byron in Stars zone.
9:39 of 3rd period - Mark Streit is hit by Vyacheslav Voynov and loses puck.
9:58 of 3rd period - Shot by Nikita Kucherov.
9:58 of 3rd period - Shot Misses the Net.
10:03 of 3rd period - Nikita Kucherov is hit by Dennis Wideman and loses puck.
10:07 of 3rd period - David Backes is hit by Dennis Wideman and loses puck.
10:25 of 3rd period - Icing by Paul Byron.
10:26 of 3rd period - Patrik Elias wins face-off versus Sean Collins in Stars zone.
11:29 of 3rd period - Shot by Rene Bourque.
11:29 of 3rd period - Shot Misses the Net.
13:03 of 3rd period - Shot by Scott Hartnell.
13:03 of 3rd period - Stopped by Jonathan Quick without a rebound.
13:04 of 3rd period - R.J. Umberger wins face-off versus Patrik Elias in Stars zone.
13:12 of 3rd period - Fedor Tyutin is hit by Mark Stuart and loses puck.
13:57 of 3rd period - Zdeno Chara is hit by R.J. Umberger and loses puck.
14:19 of 3rd period - Nikita Kucherov is hit by Fedor Tyutin and loses puck.
14:45 of 3rd period - Vyacheslav Voynov is hit by Michael Ryder and loses puck.
16:15 of 3rd period - Jason Spezza is hit by Ryan Callahan and loses puck.
16:24 of 3rd period - Shot by Ryan Callahan.
16:24 of 3rd period - Shot Misses the Net.
16:36 of 3rd period - Shot by David Backes.
16:36 of 3rd period - Stopped by Darcy Kuemper with a rebound.
16:48 of 3rd period - Shot by Nikita Kucherov.
16:48 of 3rd period - Shot Misses the Net.
17:16 of 3rd period - Shot by Erik Cole.
17:16 of 3rd period - Stopped by Jonathan Quick without a rebound.
17:17 of 3rd period - Patrik Elias wins face-off versus Sean Collins in Stars zone.
17:30 of 3rd period - John Mitchell is hit by Sean Collins and loses puck.
17:41 of 3rd period - Icing by Mark Streit.
17:42 of 3rd period - Ryan Callahan wins face-off versus Sean Collins in Wild zone.
17:45 of 3rd period - Shot by Nikita Kucherov.
17:45 of 3rd period - Shot Misses the Net.
17:50 of 3rd period - Dennis Wideman is hit by Zdeno Chara and loses puck.
17:56 of 3rd period - Erik Cole is hit by Clayton Stoner and loses puck.
18:06 of 3rd period - Icing by Zdeno Chara.
18:07 of 3rd period - David Backes wins face-off versus R.J. Umberger in Stars zone.
18:07 of 3rd period - Ryan Callahan is hit by Michael Ryder and loses puck.
18:14 of 3rd period - Shot by Michael Ryder.
18:14 of 3rd period - Stopped by Jonathan Quick with a rebound.
18:16 of 3rd period - Shot by Zach Redmond.
18:16 of 3rd period - Shot Blocked by Zdeno Chara.
18:20 of 3rd period - Shot by R.J. Umberger.
18:20 of 3rd period - Stopped by Jonathan Quick with a rebound.
18:22 of 3rd period - Shot by Zach Redmond.
18:22 of 3rd period - Shot Blocked by Zdeno Chara.
18:31 of 3rd period - R.J. Umberger is hit by Zdeno Chara and loses puck.
18:58 of 3rd period - Shot by Scott Hartnell.
18:58 of 3rd period - Shot Blocked by Zdeno Chara.
19:05 of 3rd period - Jason Spezza is hit by Clayton Stoner and loses puck.
19:18 of 3rd period - Shot by Jason Pominville.
19:18 of 3rd period - Stopped by Jonathan Quick without a rebound.
19:19 of 3rd period - Tyler Seguin wins face-off versus Sean Collins in Stars zone.
19:45 of 3rd period - Off-side.
19:46 of 3rd period - Jason Spezza wins face-off versus Patrik Elias in neutral zone.
Goals for this period are 0 for Stars vs 1 for Wild.
Shots for this period are 6 for Stars vs 13 for Wild.